 Dungeon Crawl Stone Soup version 0.22.1-6-g1668fe2c40 (webtiles) character file.

376 Kohma the Vexing (level 6, -2/47 HPs)
             Began as a Gnoll Arcane Marksman on Jan 20, 2019.
             Was an Initiate of Cheibriados.
             Slain by Grinder (3 damage)
             ... while paralysed by Grinder
             ... on level 4 of the Dungeon.
             The game lasted 00:15:56 (4031 turns).

Kohma the Vexing (Gnoll Arcane Marksman)            Turns: 4031, Time: 00:15:57

Health: -2/47      AC:  4    Str: 16    XL:     6   Next: 73%
Magic:  11/11      EV:  2    Int: 18    God:    Cheibriados [......]
Gold:   163        SH:  0    Dex: 16    Spells: 7/12 levels left

rFire    . . .     SeeInvis +   r - +3 dagger (vamp)
rCold    . . .     Gourm    .   (no shield)
rNeg     . . .     Faith    .   i - +1 leather armour of the Moon {Regen+ Str+2 SInv}
rPois    .         Spirit   .   (no helmet)
rElec    .         Reflect  .   (no cloak)
rCorr    .         Harm     .   (no gloves)
MR       .....                  (no boots)
Stlth    ++........             (no amulet)
HPRegen  0.55/turn              (no ring)
MPRegen  0.12/turn              (no ring)

@: paralysed, very slow
A: distributed training, fangs 1, strong nose
a: Bend Time, Renounce Religion


You were on level 4 of the Dungeon.
You worshipped Cheibriados.
Cheibriados was noncommittal.
You were full.

You visited 2 branches of the dungeon, and saw 5 of its levels.

You collected 163 gold pieces.

Inventory:

Hand Weapons
 a - a +3 spear
 b - a +0 hunting sling
 m - a +0 hand axe
 r - a +3 vampiric dagger (weapon)
 v - a +2 hand axe of flaming
Missiles
 d - 71 sling bullets
 k - 12 bolts
 l - 158 stones (quivered)
Armour
 i - the +1 leather armour of the Moon (worn) {Regen+ Str+2 SInv}
   (You found it on level 4 of the Dungeon)

   It affects your strength (+2).
   It lets you see invisible.
   It increases your rate of regeneration.
 j - a +0 ring mail
Jewellery
 s - an uncursed amulet of the gourmand
Scrolls
 o - a scroll of identify
 w - a scroll of fear
Potions
 c - a potion of heal wounds {unknown}
 e - 7 potions of curing
 g - 4 potions of lignification
 h - a potion of flight {unknown}
 q - a potion of degeneration {unknown}
Comestibles
 f - 10 rations


   Skills:
 + Level 3.3 Fighting
 + Level 2.0 Short Blades
 + Level 2.0 Long Blades
 + Level 2.0 Axes
 + Level 2.0 Maces & Flails
 + Level 2.0 Polearms
 + Level 2.0 Staves
 + Level 5.0 Slings
 + Level 2.0 Bows
 + Level 2.0 Crossbows
 + Level 2.0 Throwing
 + Level 2.0 Armour
 + Level 5.0 Dodging
 + Level 2.0 Stealth
 + Level 2.0 Shields
 + Level 2.0 Unarmed Combat
 + Level 3.5 Spellcasting
 + Level 1.6 Conjurations
 + Level 5.7 Hexes
 + Level 1.6 Charms
 + Level 1.6 Summonings
 + Level 1.6 Necromancy
 + Level 1.6 Translocations
 + Level 1.6 Transmutations
 + Level 1.6 Fire Magic
 + Level 1.6 Ice Magic
 + Level 1.6 Air Magic
 + Level 1.6 Earth Magic
 + Level 1.6 Poison Magic
 + Level 2.2 Invocations
 + Level 2.0 Evocations


You had 7 spell levels left.
You knew the following spells:

 Your Spells              Type           Power        Failure   Level  Hunger
a - Corona                Hex            ###....      1%          1    None
b - Cause Fear            Hex            ###.......   19%         4    ####...

Your spell library contained the following spells:

 Spells                   Type           Power        Failure   Level  Hunger
 Slow                     Hex            ###.....     2%          2    ##.....
 Inner Flame              Hex/Fire       ###.....     13%         3    ###....
 Portal Projectile        Hex/Tloc       ###...       13%         3    ###....
 Leda's Liquefaction      Hex/Erth       ###.......   38%         4    ####...


Dungeon Overview and Level Annotations

Branches:
Dungeon (4/15)             Temple (1/1) D:4

Altars:
Cheibriados
Elyvilon
Fedhas
Gozag
Hepliaklqana
Makhleb
Nemelex Xobeh
Okawaru
Qazlal
Ru
Sif Muna
Vehumet
Wu Jian
Xom
Yredelemnul
Zin
The Shining One

Annotations:
D:4 Grinder


Innate Abilities, Weirdness & Mutations

Your experience applies equally to all skills.
You have very sharp teeth.
Your uncanny sense of smell can sniff out nearby items.


Message History

Grinder is almost dead.
Grinder gestures at you.
You suddenly lose the ability to move!
Grinder hits you.
You writhe in agony.
Grinder gestures at you. Pain shoots through your body! Grinder hits you.
You writhe in agony.
Grinder hits you.
* * * LOW HITPOINT WARNING * * *
You writhe in agony.
* * * LOW HITPOINT WARNING * * *
Grinder grins, showing sharp teeth.
Grinder hits you.
* * * LOW HITPOINT WARNING * * *
You writhe in agony.
* * * LOW HITPOINT WARNING * * *
Grinder hits you.
* * * LOW HITPOINT WARNING * * *
Grinder hits you.
You die...

######.#.#####. ...
#..............###.#
#.####.#............
#..............#..
#.#.##.........<..
#.#.##.########...
#.#...............
#.#.##............
#@##############..
#.5...............
#####...!...####.. ∆
....... +.. ....§..
#.. ####### #.. ....
.... ....


You could see Grinder.

Vanquished Creatures
  Menkaure (D:4)
  A scorpion (D:4)
  An orc priest (D:4)
  Jessica (D:2)
  Terence (D:3)
  Natasha (D:4)
  An adder (D:2)
  2 oozes
  A worm (D:3)
  3 dart slugs (D:1)
  A leopard gecko (D:1)
  6 orcs
  9 goblins
  12 hobgoblins
  8 jackals (D:3)
  A quokka (D:3)
  2 ball pythons (D:1)
  3 bats (D:1)
  4 frilled lizards
  4 kobolds
  8 rats
71 creatures vanquished.

Vanquished Creatures (others)
  2 orcs (D:4)
2 creatures vanquished.

Grand Total: 73 creatures vanquished

Notes
Turn   | Place    | Note
-------+----------+-------------------------------------------
     0 | D:1      | Kohma the Gnoll Arcane Marksman began the quest for the
                  | Orb.
     0 | D:1      | Reached XP level 1. HP: 17/17 MP: 4/4
    86 | D:1      | Reached XP level 2. HP: 20/23 MP: 5/5
   919 | D:1      | Reached XP level 3. HP: 28/28 MP: 7/7
  1695 | D:2      | Noticed Jessica
  1698 | D:2      | Killed Jessica
  1698 | D:2      | Reached skill level 1 in Short Blades
  1698 | D:2      | Reached skill level 1 in Long Blades
  1698 | D:2      | Reached skill level 1 in Axes
  1698 | D:2      | Reached skill level 1 in Maces & Flails
  1698 | D:2      | Reached skill level 1 in Polearms
  1698 | D:2      | Reached skill level 1 in Staves
  1698 | D:2      | Reached skill level 1 in Bows
  1698 | D:2      | Reached skill level 1 in Crossbows
  1698 | D:2      | Reached skill level 1 in Throwing
  1698 | D:2      | Reached skill level 1 in Armour
  1698 | D:2      | Reached skill level 1 in Stealth
  1698 | D:2      | Reached skill level 1 in Shields
  1698 | D:2      | Reached skill level 1 in Unarmed Combat
  1698 | D:2      | Reached skill level 1 in Invocations
  1698 | D:2      | Reached skill level 1 in Evocations
  1715 | D:2      | Reached XP level 4. HP: 34/34 MP: 8/8
  1723 | D:2      | Found a blossoming altar of Fedhas.
  2127 | D:2      | Found a faded altar of an unknown god.
  2425 | D:3      | Found a shimmering altar of Xom.
  2534 | D:3      | Reached skill level 1 in Conjurations
  2534 | D:3      | Reached skill level 1 in Charms
  2534 | D:3      | Reached skill level 1 in Summonings
  2534 | D:3      | Reached skill level 1 in Necromancy
  2534 | D:3      | Reached skill level 1 in Translocations
  2534 | D:3      | Reached skill level 1 in Transmutations
  2534 | D:3      | Reached skill level 1 in Fire Magic
  2534 | D:3      | Reached skill level 1 in Ice Magic
  2534 | D:3      | Reached skill level 1 in Air Magic
  2534 | D:3      | Reached skill level 1 in Earth Magic
  2534 | D:3      | Reached skill level 1 in Poison Magic
  2822 | D:3      | Found a white marble altar of Elyvilon.
  2846 | D:3      | Reached XP level 5. HP: 39/40 MP: 9/9
  2862 | D:3      | Noticed Terence
  2886 | D:3      | Killed Terence
  2981 | D:3      | Found a snail-covered altar of Cheibriados.
  3039 | D:3      | Found an iron altar of Okawaru.
  3357 | D:3      | Became a worshipper of Cheibriados the Contemplative
  3374 | D:4      | Noticed Natasha
  3379 | D:4      | Killed Natasha
  3549 | D:4      | Found a stormy altar of Qazlal.
  3557 | D:4      | Found an opulent altar of Gozag.
  3576 | D:4      | Found a staircase to the Ecumenical Temple.
  3582 | Temple   | Entered the Ecumenical Temple
  3718 | D:4      | Got a dazzling leather armour
  3729 | D:4      | Identified the +1 leather armour of the Moon {Regen+ Str+2
                  | SInv} (You found it on level 4 of the Dungeon)
  3776 | D:4      | Reached XP level 6. HP: 33/47 MP: 10/10
  3833 | D:4      | Noticed Menkaure
  3839 | D:4      | Killed Menkaure
  3839 | D:4      | Reached skill level 5 in Slings
  3839 | D:4      | Reached skill level 5 in Dodging
  3858 | D:4      | Noticed Grinder
  3865 | D:4      | Paralysed by Grinder for 6 turns
  3882 | D:4      | Paralysed by Grinder for 6 turns
  3967 | D:3      | Learned a level 4 spell: Cause Fear
  4024 | D:4      | Paralysed by Grinder for 7 turns
  4030 | D:4      | HP: 1/47 [Grinder (3)]
  4031 | D:4      | Slain by Grinder

Skill      XL: |  1  2  3  4  5  6 |
---------------+-------------------+-----
Short Blades   | 1 2 |  2.0
Long Blades    | 1 2 |  2.0
Axes           | 1 2 |  2.0
Maces & Flails | 1 2 |  2.0
Polearms       | 1 2 |  2.0
Staves         | 1 2 |  2.0
Bows           | 1 2 |  2.0
Crossbows      | 1 2 |  2.0
Throwing       | 1 2 |  2.0
Armour         | 1 2 |  2.0
Stealth        | 1 2 |  2.0
Shields        | 1 2 |  2.0
Unarmed Combat | 1 2 |  2.0
Invocations    | 1 2 |  2.2
Evocations     | 1 2 |  2.0
Spellcasting   | 3 |  3.5
Conjurations   | 1 |  1.6
Charms         | 1 |  1.6
Summonings     | 1 |  1.6
Necromancy     | 1 |  1.6
Translocations | 1 |  1.6
Transmutations | 1 |  1.6
Fire Magic     | 1 |  1.6
Ice Magic      | 1 |  1.6
Air Magic      | 1 |  1.6
Earth Magic    | 1 |  1.6
Poison Magic   | 1 |  1.6
Fighting       | 3 |  3.3
Slings         | 5 |  5.0
Dodging        | 5 |  5.0
Hexes          | |  5.7

Action                   |  1- 3 |  4- 6 || total
-------------------------+-------+-------++-------
Melee: Spear             |    36 |   163 ||   199
       Bite              |       |    17 ||    17
       Punch             |       |     3 ||     3
       Dagger            |       |    25 ||    25
 Fire: Hunting sling     |    29 |       ||    29
  Use: Scroll            |       |     7 ||     7
 Stab: Sleeping          |     1 |     1 ||     2
  Eat: Chunk             |     2 |     8 ||    10
       Ration            |       |     3 ||     3
Armor: Leather armour    |     2 |     6 ||     8
       Ring mail         |     1 |    25 ||    26
Dodge: Dodged            |    27 |   106 ||   133
